 Seeded DCSS version 0.29.1-15-g9cfb28693d (webtiles) character file.

Game seed: 1 (custom seed)

144371 Kazon the Fencer (level 17, -10/144 HPs)
             Began as a Barachi Fighter on Mar 31, 2023.
             Was the Champion of Okawaru.
             Mangled by a spark wasp (14 damage)
             ... on level 4 of the Spider Nest.
             The game lasted 02:41:44 (22068 turns).

Kazon the Fencer (Barachi Fighter)                 Turns: 22068, Time: 02:41:45

Health: -10/144    AC: 33    Str: 20    XL:     17   Next: 39%
Magic:  23/25      EV: 17    Int: 11    God:    Okawaru [******]
Gold:   1132       SH: 11    Dex: 24    Spells: 16/16 levels left

rFire   + + +      SeeInvis +   f - +5 Maxwell's thermic engine {flame, freeze}
rCold   + . .      Faith    .   c - +2 buckler
rNeg    . . .      Spirit   .   P - +3 shadow dragon scales of Etownabigg {rPois Stlth++++}
rPois   +          Reflect  .   (helmet restricted)
rElec   .          Harm     .   M - +2 cloak
rCorr   .          Rampage  .   i - +1 pair of gloves {Dex+3}
Will    +....                   l - +2 pair of boots
Stlth   +++++++...              a - amulet "Odemouw" {Contam rPois rF+++ Regen+ Stlth+}
HPRegen 1.14/turn               y - ring of protection from cold
MPRegen 0.19/turn               k - +6 ring of dexterity

@: about to teleport, heroic, on berserk cooldown, slowed, very slow
A: amphibious, slowness 1, strong legs 2, +LOS, horns 1, see invisible
a: Hop, Renounce Religion, Heroism, Finesse, Duel


You were on level 4 of the Spider Nest.
You worshipped Okawaru.
Okawaru was exalted by your worship.
You visited 4 branches of the dungeon, and saw 25 of its levels.

You collected 1908 gold pieces.
You spent 776 gold pieces at shops.

Inventory:

Hand Weapons
 e - a +4 short sword of venom
 f - the +5 Maxwell's thermic engine (weapon) {flame, freeze}
   (You found it on level 1 of the Lair of Beasts)

   It burns those it strikes, dealing additional fire damage.
   Big, fiery blades are also staple armaments of hydra-hunters.
   It freezes those it strikes, dealing additional cold damage.
   It can also slow down cold-blooded creatures.
   It becomes more effective when it hits something.
   This effect fades over time.
 w - a +1 sling of flaming
Missiles
 j - 5 silver javelins
 o - 19 boomerangs
 q - a throwing net
 B - 4 curare-tipped darts
 J - 9 poisoned darts (quivered)
 R - 5 datura-tipped darts
 S - 2 atropa-tipped darts
Armour
 c - a +2 buckler (worn)
 i - a +1 pair of gloves of dexterity (worn)
 l - a +2 pair of boots (worn)
 M - a +2 cloak (worn)
 O - a scarf of resistance
 P - the +3 shadow dragon scales of Etownabigg (worn) {rPois Stlth++++}
   (Okawaru gifted it to you on level 12 of the Dungeon)

   rPois:     It protects you from poison.
   Stlth:     It makes you much more stealthy.
Jewellery
 a - the amulet "Odemouw" (around neck) {Contam rPois rF+++ Regen+ Stlth+}
   (You bought it in a shop on level 8 of the Dungeon)

   [amulet of regeneration]

   rF:        It renders you almost immune to fire.
   rPois:     It protects you from poison.
   Contam:    It causes magical contamination when unequipped.
   Regen:     It increases your rate of health regeneration.
   Stlth:     It makes you more stealthy.
 k - a +6 ring of dexterity (right hand)
 y - a ring of protection from cold (left hand)
 E - a ring of protection from cold
 T - the amulet "Kainovul" {rF+ rN++ Regen+ Dex-4 Stlth+}
   (You acquired it on level 2 of the Spider Nest)

   [amulet of regeneration]

   Dex:       It affects your dexterity (-4).
   rF:        It protects you from fire.
   rN:        It greatly protects you from negative energy.
   Regen:     It increases your rate of health regeneration.
   Stlth:     It makes you more stealthy.
Wands
 A - a wand of mindburst (11)
 C - a wand of flame (12)
 I - a wand of paralysis (15)
 K - a wand of roots (17)
 N - a wand of polymorph (11)
Scrolls
 m - 4 scrolls of immolation
 n - 4 scrolls of fog
 p - a scroll of poison
 t - 4 scrolls of teleportation
 v - 2 scrolls of magic mapping
 x - 2 scrolls of noise
 z - a scroll of blinking
 G - 3 scrolls of fear
 V - 2 scrolls of silence
 Y - a scroll of enchant weapon
Potions
 b - 3 potions of berserk rage
 d - 5 potions of might
 g - 3 potions of flight
 r - 4 potions of haste
 s - a potion of invisibility
 u - 11 potions of lignification
 D - 3 potions of cancellation
 F - a potion of mutation
 H - 9 potions of curing
 Q - 2 potions of heal wounds
 U - a potion of resistance
 X - 3 potions of ambrosia
Miscellaneous
 h - a phial of floods
 L - a condenser vane
 W - a lightning rod (4/4)


   Skills:
 + Level 16.0(21.0) Fighting
 + Level 7.5(17.2) Short Blades
 + Level 16.3(22.0) Long Blades
 + Level 5.7(10.7) Ranged Weapons
 + Level 9.2(14.2) Throwing
 + Level 12.5(17.5) Armour
 * Level 7.7(12.7) Dodging
 + Level 4.8(9.8) Stealth
 + Level 10.2(15.2) Shields
 * Level 10.7 Invocations
 + Level 10.8 Evocations


You had 16 spell levels left.
You didn't know any spells.
Your spell library contained the following spells:

 Spells                   Type           Power      Damage    Failure   Level
 Apportation              Tloc           0%         N/A       88%         1
 Magic Dart               Conj           0%         1d3       88%         1
 Necrotise                Necr           0%         1d4       88%         1
 Sting                    Tmut/Pois      0%         1d3       88%         1
 Poisonous Vapours        Pois/Air       0%         N/A       96%         2
 Dazzling Flash           Conj/Hex       0%         N/A       99%         3
 Mephitic Cloud           Conj/Pois/Air  0%         N/A       99%         3
 Ozocubu's Armour         Ice            0%         N/A       99%         3
 Iskenderun's Mystic Bla  Conj/Tloc      0%         2d3       100%        4
 Olgreb's Toxic Radiance  Pois           0%         N/A       100%        4
 Alistair's Intoxication  Tmut/Pois      0%         N/A       100%        5
 Blade Hands              Tmut           0%         N/A       100%        5
 Fireball                 Conj/Fire      0%         3d3       100%        5
 Iskenderun's Battlesphe  Conj           0%         2d6       100%        5
 Metabolic Englaciation   Hex/Ice        0%         N/A       100%        5
 Conjure Ball Lightning   Conj/Air       0%         3x3d6     100%        6
 Iron Shot                Conj/Erth      0%         9d1       100%        6
 Starburst                Conj/Fire      0%         6d3       100%        6
 Orb of Destruction       Conj           0%         9d5       100%        7
 Ozocubu's Refrigeration  Ice            0%         4d7       100%        7
 Summon Small Mammal      Summ           Unusable   N/A       N/A         1
 Call Imp                 Summ           Unusable   N/A       N/A         2
 Animate Armour           Summ/Erth      Unusable   N/A       N/A         4
 Simulacrum               Ice/Necr       Unusable   N/A       N/A         6

Dungeon Overview and Level Annotations

Branches:
Dungeon (15/15)            Temple (1/1) D:7            Lair (5/5) D:10
 Shoals (0/4) Lair:3       Spider (4/4) Lair:3        Slime (0/5) Lair:4
    Orc (0/2) D:12         Vaults (0/5) D:13
 Depths: D:15

Altars:
Ashenzari
Dithmenos
Elyvilon
Fedhas
Gozag
Hepliaklqana
Kikubaaqudgha
Makhleb
Nemelex Xobeh
Okawaru
Qazlal
Uskayaw
Xom
Jiyva

Shops:
D:3 (   D:8 ?(==   D:10 :   D:13 !

Annotations:
D:14 3 runed translucent doors, LustLizard's ghost, journeyman TrFi


Innate Abilities, Weirdness & Mutations

You are amphibious.
You cover ground slowly.
You can hop long distances.
You have an extended range of vision and can be seen from far away.
You have a pair of small horns on your head.
You have supernaturally acute eyesight. (SInv)


Message History

You block the wolf spider's attack. The wolf spider bites you.
You hit the wolf spider. You burn the wolf spider. You freeze the wolf spider.
The wolf spider is severely wounded.
A torpor snail comes into view.
Being near the torpor snail leaves you feeling lethargic.
The wolf spider hits you but does no damage.
The wolf spider bites you but does no damage.
You slice the wolf spider!! You burn the wolf spider.
You kill the wolf spider!
Okawaru accepts your kill. The culicivora barely misses you.
The culicivora bites you!
The culicivora draws strength from your injuries!
The spark wasp stings you! The spark wasp shocks you!
Your Fighting skill increases to level 16!
You gain the combat prowess of a mighty hero.
The culicivora bites you but does no damage.
You block the spark wasp's attack. You block the culicivora's attack.
The spark wasp stings you! The spark wasp shocks you!
* * * LOW HITPOINT WARNING * * *
You hit the spark wasp. You burn the spark wasp. You freeze the spark wasp.
You headbutt the spark wasp, but do no damage.
The spark wasp is lightly wounded.
You block the culicivora's attack. You block the spark wasp's attack.
The culicivora bites you!
* * * LOW HITPOINT WARNING * * *
The culicivora draws strength from your injuries!
You block the spark wasp's attack.
Aiming: Duel (9% risk of failure)
Press: ? - help, Dir - move target, f - culicivora
Aim: a culicivora The culicivora is not worthy to be dueled!
Unknown command.
As you read the scroll of teleportation, it crumbles to dust.
You feel strangely unstable. The culicivora barely misses you.
You block the spark wasp's attack.
The culicivora bites you but does no damage.
The spark wasp stings you!
* * * LOW HITPOINT WARNING * * *
The spark wasp shocks you!
You die...

##.### #((..
#..#.## #..(.
...#.^## #..(#
.......## ##.w.#
#...#...## #...(###
#..###...## ...(..#
#.##......####....#
#.##......#.....ys#
####......####^.@.#
##...###..#....#
#...^.#...#....# #
##..####^.....###
###.###...†.......#
.#.##......#......#
.^.^#..###^#.(....#
.#..#....####.....#
^##.#...†...#..^..#


You could see a spark wasp, a torpor snail and a culicivora.

Vanquished Creatures
  Mara (Spider:3)
  Rupert (D:12)
  5 emperor scorpions
  3 ghost moths
  3 broodmothers
  Nessos (D:12)
  A spark wasp (Spider:3)
  Snorg (D:14)
  Azrael (D:13)
  3 entropy weavers
  A fire dragon (D:13)
  Fannar (Lair:2)
  3 hydras
  4 boulder beetles
  Erolcha (D:10)
  4 catoblepae
  A vault guard (D:13)
  4 centaur warriors
  A death knight (D:14)
  3 two-headed ogres
  10 death yaks
  5 skeletal warriors
  9 pharaoh ants
  A fire crab (D:13)
  A sun moth (Spider:1)
  Lodul (D:12)
  7 steelbarb worms
  5 orb spiders
  A wizard (D:14)
  3 spriggan simulacra (D:14)
  5 spectral wolf spiders (Spider:1)
  6 wolf spider zombies (Spider:1)
  22 wolf spiders
  3 cyclopes
  A deep elf pyromancer (D:13)
  6 ugly things
  4 manticores
  3 moths of wrath
  5 elephants (Lair:4)
  5 black mambas
  11 cane toads
  7 torpor snails
  Maggie (D:6)
  4 rime drakes
  2 unseen horrors
  A rime drake (shapeshifter) (D:15)
  4 kobold demonologists (D:11)
  15 komodo dragons
  13 demonic crawlers
  2 freezing wraiths (D:14)
  A tengu conjurer (D:12)
  2 efreet
  A redback zombie (Spider:4)
  9 meliai (Spider:4)
  4 trolls
  Prince Ribbit (D:9)
  A meliai (shapeshifter) (D:13)
  A queen bee (Spider:4)
  21 tarantellas
  A polar bear (Lair:4)
  16 blink frogs
  2 wolf spider simulacra (Spider:1)
  5 dream sheep (Lair:4)
  A snapping turtle (Lair:3)
  2 shadows
  28 jumping spiders
  2 vampires
  2 wraiths (D:12)
  63 yaks
  28 culicivoras
  2 fire elementals (D:13)
  5 wyverns
  5 basilisks
  Eustachio (D:5)
  47 redbacks
  6 vampire mosquitoes
  2 steam dragons
  Menkaure (D:5)
  3 minotaur simulacra (D:14)
  Edmund (D:6)
  2 acid dragons
  16 water moccasins
  5 sky beasts
  2 hell hounds (D:13)
  5 orc warriors
  An ice beast (D:8)
  2 black bears (D:6)
  5 centaurs
  7 ogres
  A wolf (D:10)
  2 phantoms (D:6)
  3 kobold brigands
  3 necrophages
  6 bullfrogs
  A deep troll simulacrum (D:14)
  A gnoll sergeant (D:7)
  10 scorpions
  21 wights
  19 killer bees
  3 electric eels
  A howler monkey (D:5)
  2 jellies (D:6)
  6 hounds
  7 orc priests
  A gnoll bouda (D:7)
  6 iguanas
  4 orc wizards
  4 hell rats (Lair:3)
  Robin (D:3)
  12 gnolls
  13 adders
  3 shadow imps
  2 white imps
  An ufetubus (D:5)
  4 worms
  36 orcs
  11 endoplasms
  3 giant cockroaches
  16 goblins
  9 hobgoblins
  A jackal (D:4)
  27 kobolds
  2 quokkas
  5 ball pythons
  4 bats
  3 frilled lizards
  6 rats
775 creatures vanquished.

Vanquished Creatures (others)
  2 centaur simulacra (D:14)
  A yak (shapeshifter) (D:14)
  A deep troll simulacrum (D:14)
  A gnoll (D:7)
  An orc (D:7)
  15 fungi
  31 plants
52 creatures vanquished.

Grand Total: 827 creatures vanquished

Notes
Turn   | Place    | Note
-------+----------+-------------------------------------------
     0 | D:1      | Kazon the Barachi Fighter began the quest for the Orb.
     0 | D:1      | Reached XP level 1. HP: 18/18 MP: 1/1
    32 | D:1      | Identified a scroll of acquirement
    32 | D:1      | Acquired the +0 crystal plate armour "Ipsewk" {Dex+5}
   183 | D:1      | Reached XP level 2. HP: 23/25 MP: 2/2
   699 | D:2      | Reached XP level 3. HP: 25/30 MP: 3/3
  1444 | D:2      | Reached XP level 4. HP: 31/37 MP: 4/4
  1646 | D:3      | Found Umat's Antique Weapon Boutique.
  1805 | D:3      | Noticed Robin
  1821 | D:3      | Killed Robin
  1954 | D:3      | Reached XP level 5. HP: 19/38 MP: 5/5
  1965 | D:3      | Reached skill level 1 in Short Blades
  2185 | D:3      | Reached XP level 6. HP: 51/51 MP: 6/6
  2473 | D:4      | Reached XP level 7. HP: 54/59 MP: 7/7
  2753 | D:4      | Found a hazy altar of Hepliaklqana.
  2824 | D:4      | Reached skill level 5 in Short Blades
  3325 | D:5      | Entered Level 5 of the Dungeon
  3374 | D:5      | Noticed Eustachio
  3402 | D:5      | Killed Eustachio
  3407 | D:5      | Reached skill level 1 in Evocations
  3419 | D:5      | Reached XP level 8. HP: 45/65 MP: 8/8
  3850 | D:5      | Noticed Menkaure
  3856 | D:5      | Killed Menkaure
  3942 | D:5      | Reached skill level 5 in Ranged Weapons
  4490 | D:6      | Reached XP level 9. HP: 59/71 MP: 9/9
  4585 | D:7      | Found a staircase to the Ecumenical Temple.
  4594 | Temple   | Entered the Ecumenical Temple
  4601 | Temple   | Became a worshipper of Warmaster Okawaru
  4684 | D:7      | Found a hide-covered altar of Uskayaw.
  4790 | D:6      | Reached skill level 1 in Invocations
  4881 | D:6      | Noticed Edmund
  4909 | D:6      | Killed Edmund
  4909 | D:6      | Reached * piety under Okawaru
  5180 | D:6      | Reached XP level 10. HP: 52/79 MP: 11/11
  5415 | D:6      | Noticed Maggie
  5457 | D:6      | Killed Maggie
  5457 | D:6      | Reached ** piety under Okawaru
  5894 | D:7      | Reached skill level 1 in Stealth
  5923 | D:7      | Found a white marble altar of Elyvilon.
  6170 | D:8      | Found Quzidd's Magic Scroll Emporium.
  6175 | D:8      | Bought a scroll of teleportation for 42 gold pieces
  6322 | D:8      | Found Zoxtaeshakh's Jewellery Boutique.
  6375 | D:8      | Found Heidghoki's Jewellery Shop.
  6646 | D:8      | Found Esumer's Weapon Shop.
  7245 | D:9      | Noticed Prince Ribbit
  7275 | D:9      | Killed Prince Ribbit
  7555 | D:9      | Reached *** piety under Okawaru
  7701 | D:10     | Entered Level 10 of the Dungeon
  7759 | D:10     | Identified the +5 long sword of the Land of Plenty {drain,
                  | Dex+3}
  7833 | D:9      | Reached XP level 11. HP: 44/86 MP: 13/13
  7898 | D:9      | Noticed a two-headed ogre
  7903 | D:9      | Killed a two-headed ogre
  8048 | D:10     | Found a staircase to the Lair.
  8111 | D:10     | Noticed Erolcha
  8116 | D:10     | Killed Erolcha
  8117 | D:10     | Reached skill level 5 in Evocations
  8140 | D:10     | Found Juagoaq's Book Shoppe.
  8144 | D:10     | Reached **** piety under Okawaru
  8599 | D:10     | Reached ***** piety under Okawaru
  8999 | D:11     | Noticed a green ugly thing
  9005 | D:11     | Killed a green ugly thing
  9176 | D:11     | Reached skill level 10 in Long Blades
  9176 | D:11     | Reached skill level 5 in Invocations
  9184 | D:11     | Reached XP level 12. HP: 38/97 MP: 15/15
  9679 | D:11     | Received a gift from Okawaru
  9908 | D:8      | Bought the amulet "Odemouw" {Contam rPois rF+++ Regen+
                  | Stlth+} for 734 gold pieces
  9971 | Lair:1   | Entered Level 1 of the Lair of Beasts
  9996 | D:10     | Reached skill level 10 in Fighting
 10127 | Lair:1   | Found the +2 Maxwell's thermic engine {flame, freeze}
 10178 | Lair:1   | Reached ****** piety under Okawaru
 10338 | Lair:1   | Received a gift from Okawaru
 10462 | Lair:1   | Reached skill level 5 in Throwing
 10629 | Lair:1   | Received a gift from Okawaru
 10808 | Lair:2   | Noticed Fannar
 10814 | Lair:2   | Noticed a catoblepas
 10841 | Lair:2   | Killed Fannar
 10843 | Lair:2   | Killed a catoblepas
 10843 | Lair:2   | Received a gift from Okawaru
 11294 | Lair:2   | Reached skill level 10 in Armour
 11592 | Lair:3   | Gained mutation: You can hop long distances. [Barachi
                  | growth]
 11592 | Lair:3   | Reached XP level 13. HP: 106/106 MP: 17/17
 11687 | Lair:3   | Found a staircase to the Shoals.
 11695 | Lair:3   | Identified the +2 short sword "Budom" {freeze, rC+}
                  | (Okawaru gifted it to you on level 3 of the Lair of Beasts)
 11695 | Lair:3   | Received a gift from Okawaru
 11759 | Lair:3   | Found an ancient bone altar of Kikubaaqudgha.
 11947 | Lair:3   | Found a hole to the Spider Nest.
 12312 | Lair:4   | Identified the +3 battleaxe "Adididghufym" {antimagic, rF+
                  | Will+}
 12590 | Lair:4   | Received a gift from Okawaru
 12614 | Lair:4   | Gained mutation: You have a pair of small horns on your
                  | head. [potion of mutation]
 12614 | Lair:4   | Gained mutation: You have supernaturally acute eyesight.
                  | (SInv) [potion of mutation]
 12709 | Lair:4   | Found a viscous altar of Jiyva.
 12709 | Lair:4   | Found a staircase to the Slime Pits.
 12863 | Lair:4   | You fall into a shaft and drop 1 floor!
 12863 | Lair:5   | Entered Level 5 of the Lair of Beasts
 13339 | Lair:5   | Reached XP level 14. HP: 106/118 MP: 19/19
 13942 | Lair:5   | Received a gift from Okawaru
 14158 | Lair:5   | Received a gift from Okawaru
 14717 | D:12     | Noticed Lodul
 14729 | D:12     | Killed Lodul
 14804 | D:12     | Noticed Nessos
 14815 | D:12     | Killed Nessos
 14868 | D:12     | Found a staircase to the Orcish Mines.
 15240 | D:12     | Noticed Rupert
 15249 | D:12     | Killed Rupert
 15249 | D:12     | Identified the +3 shadow dragon scales of Etownabigg {rPois
                  | Stlth++++} (Okawaru gifted it to you on level 12 of the
                  | Dungeon)
 15249 | D:12     | Received a gift from Okawaru
 15321 | D:13     | Noticed Azrael
 15333 | D:13     | Killed Azrael
 15534 | D:13     | Found Ituota Roil's Distillery.
 15925 | D:13     | Reached XP level 15. HP: 100/126 MP: 21/21
 16047 | D:13     | Found a gate to the Vaults.
 16156 | D:14     | Found a runed translucent gate.
 16156 | D:14     | Found a runed translucent gate.
 16158 | D:14     | Found a runed translucent gate.
 16249 | D:14     | Identified the +4 scale mail "Ijyax" {rPois Dex+3} (Okawaru
                  | gifted it to you on level 14 of the Dungeon)
 16249 | D:14     | Received a gift from Okawaru
 16316 | D:14     | Found a frozen archway.
 16376 | D:14     | Noticed LustLizard's ghost (journeyman TrFi)
 16514 | D:14     | Identified the +6 scale mail "Voetobuo" {Int-3 Dex+8}
 16610 | D:14     | Noticed Snorg
 16622 | D:14     | Killed Snorg
 16656 | D:14     | Reached skill level 10 in Evocations
 17001 | D:15     | Entered Level 15 of the Dungeon
 17189 | Spider:1 | Entered Level 1 of the Spider Nest
 17713 | Spider:1 | Noticed an emperor scorpion
 17757 | Spider:1 | Noticed a ghost moth
 17767 | Spider:1 | Killed a ghost moth
 17781 | Spider:1 | Killed an emperor scorpion
 17935 | Spider:1 | Received a gift from Okawaru
 18437 | Spider:1 | Reached skill level 15 in Fighting
 18636 | Spider:1 | Reached XP level 16. HP: 136/136 MP: 23/23
 18657 | Spider:1 | Reached skill level 5 in Dodging
 18664 | Spider:1 | Reached skill level 15 in Long Blades
 18818 | Spider:2 | Acquired the amulet "Kainovul" {rF+ rN++ Regen+ Dex-4
                  | Stlth+}
 19724 | Spider:3 | Received a gift from Okawaru
 19851 | Spider:3 | Reached skill level 10 in Invocations
 20196 | Spider:3 | Received a gift from Okawaru
 20337 | Spider:3 | Received a gift from Okawaru
 20926 | Spider:4 | Entered Level 4 of the Spider Nest
 20926 | Spider:4 | Noticed Mara
 20993 | Spider:3 | Noticed Kazon's illusion
 21003 | Spider:3 | Killed Mara
 21089 | Spider:4 | Identified the +0 ring mail of Zonofa {rF+ Will+} (Okawaru
                  | gifted it to you on level 4 of the Spider Nest)
 21089 | Spider:4 | Received a gift from Okawaru
 21151 | Spider:4 | Reached XP level 17. HP: 132/143 MP: 0/24
 21188 | Spider:4 | Reached skill level 10 in Shields
 22068 | Spider:4 | HP: 4/144 [spark wasp (17)]
 22068 | Spider:4 | Mangled by a spark wasp

Illustrated notes

Levels and vault maps discovered:
D:1:      dpeg_arrival_three_smaller_balls, layout_basic
D:2:      layout_loops_ring
D:3:      layout_basic, serial_shops, nicolae_shop_stone, st_stairs_9,
          minmay_misc_feat_doors, eino_curves_03, uniq_robin
D:4:      minmay_wonky_spiral, layout_basic,
          mainiacjoe_overflow_surrounded_room, minivault_5
D:5:      layout_cave_pods, uniq_menkaure, uniq_eustachio
D:6:      cheibrodos_barr_body, layout_basic, minmay_crystal_room,
          minmay_pentangle, uniq_maggie, uniq_edmund
D:7:      layout_cave_pools, nicolae_uskayaw_murder_on_the_dancefloor,
          elyvilon_altar_4, minmay_temple_entry_purple_smoke
D:8:      layout_basic, serial_shops, shop_statue, kennysheep_little_box, shop,
          nicolae_shop_window_shopping
D:9:      layout_cave_pools, uniq_prince_ribbit1
D:10:     layout_stronghold, erik_lair_island, serial_shops,
          nicolae_shop_statue_plus, uniq_erolcha
D:11:     layout_roguey
D:12:     layout_loops_ring, orc_0_dummy, chequers_serial_rivers_marsh,
          uniq_lodul, uniq_nessos, uniq_rupert
D:13:     layout_gridville, david_vaults_5, serial_shops,
          nicolae_shop_behind_doors, minmay_fractal_squares_gapless_5,
          uniq_azrael
D:14:     layout_roguey, minmay_misc_feat_secret_circle, gammafunk_ghost_split,
          portal_ice_cave_entry_ice_simulacra, uniq_snorg
D:15:     hangedman_depths_entry_try_elsewhere_first, layout_loops_corners,
          uniq_roxanne
Temple:   nicolae_temple_bog_church
Lair:1:   layout_long_grid, fungi_pond_lemuel, cheibrodos_lair_reptile_den
Lair:2:   layout_gridlike, uniq_fannar
Lair:3:   layout_roguey, minmay_shoals_entry_hut,
          nicolae_spider_entry_non_spiders, basic_altar, serial_bayou_crossing
Lair:4:   layout_gridlike, slime_entry_1, serial_rivers,
          chequers_serial_rivers_room_a, chequers_serial_rivers_micro_c,
          chequers_serial_rivers_room_a, chequers_serial_rivers_micro_e,
          minivault_27, grunt_megastairs_3, infiniplex_staircase_pool_2
Lair:5:   evilmike_catoblepas_cave, layout_long_grid
Spider:1: layout_chambers, nicolae_spider_undead_wolf_pack
Spider:2: layout_cave_pods
Spider:3: layout_spider_delve
Spider:4: floodkiller_spider_rune_tomb, special_room [special_room_bee],
          uniq_mara

Skill      XL: |  1  2  3  4  5  6  7  8  9 10 11 12 13 14 15 16 17 |
---------------+----------------------------------------------------+-----
Long Blades    | 3 4 6 7 8 10 11 12 14 16 | 16.3
Armour         | 4 6 7 8 10 11 12 | 12.5
Fighting       | 4 6 7 8 9 11 13 14 15 16 | 16.0
Short Blades   | 4 5 6 7 |  7.5
Ranged Weapons | 3 4 5 |  5.7
Throwing       | 4 5 6 7 8 9 |  9.2
Dodging        | 4 7 |  7.7
Shields        | 6 7 8 9 10 | 10.2
Evocations     | 1 2 3 4 5 7 8 9 10 | 10.8
Invocations    | 2 3 5 6 7 8 9 10 | 10.7
Stealth        | 1 2 3 4 |  4.8

Action                   |  1- 3 |  4- 6 |  7- 9 | 10-12 | 13-15 | 16-18 || total
-------------------------+-------+-------+-------+-------+-------+-------++-------
Melee: Long sword        |    87 |       |   182 |   437 |       |       ||   706
       Dagger            |     9 |    75 |   249 |   182 |   142 |    53 ||   710
       Double sword      |       |       |       |   126 |   696 |   388 ||  1210
       Headbutt          |       |       |       |       |   195 |   140 ||   335
       Short sword       |       |       |       |       |       |    76 ||    76
 Fire: Sling             |       |    23 |    19 |    37 |    15 |       ||    94
Throw: Stone             |     6 |    12 |    42 |    48 |       |       ||   108
       Dart              |       |       |       |    60 |   169 |   144 ||   373
       Boomerang         |       |       |       |    35 |   106 |    32 ||   173
       Javelin           |       |       |       |       |       |     2 ||     2
Invok: Heroism           |       |       |       |     4 |     9 |     7 ||    20
       Finesse           |       |       |       |       |     2 |       ||     2
 Abil: Hop               |       |       |       |     2 |     2 |       ||     4
Evoke: Wand              |       |       |     2 |    25 |    26 |    18 ||    71
       Condenser vane    |       |       |       |     1 |       |       ||     1
       Lightning rod     |       |       |       |       |     1 |     3 ||     4
       Phial of floods   |       |       |       |       |     1 |       ||     1
  Use: Scroll            |     1 |       |     3 |     3 |    15 |     5 ||    27
       Potion            |       |     1 |     1 |     6 |     1 |       ||     9
 Stab: Paralysed         |       |       |       |    14 |     2 |     6 ||    22
       Petrified         |       |       |       |     2 |       |       ||     2
       Sleeping          |       |       |       |       |     7 |     6 ||    13
       Distracted        |       |       |       |       |     2 |     1 ||     3
       Held in net/web   |       |       |       |       |       |     2 ||     2
Armor: Scale mail        |    19 |       |       |       |       |       ||    19
       Crystal plate arm |    57 |    50 |   296 |   378 |   162 |       ||   943
       Shadow dragon sca |       |       |       |       |   235 |   218 ||   453
Dodge: Dodged            |    32 |     9 |    69 |   142 |   173 |   219 ||   644
Block: Buckler           |    19 |    13 |   111 |   185 |   215 |   225 ||   768
